 Dungeon Crawl Stone Soup version 0.26-a0-1035-g76280ab330 (webtiles) character file.

Game seed: 15822816202212746433

3 Dracia the Sneak (level 1, -5/18 HPs)
             Began as a Merfolk Delver on Dec 10, 2020.
             Killed from afar by an orc wizard (9 damage)
             ... with a magic dart
             ... on level 5 of the Dungeon.
             The game lasted 00:00:15 (78 turns).

Dracia the Sneak (Merfolk Delver)                     Turns: 78, Time: 00:00:16

Health: -5/18      AC:  3    Str: 12    XL:     1   Next: 50%
Magic:  1/1        EV: 12    Int:  9    God:
Gold:   17         SH:  0    Dex: 15    Spells: 0/0 levels left

rFire    . . .     SeeInvis .   a - +0 spear
rCold    . . .     Faith    .   (no shield)
rNeg     . . .     Spirit   .   b - +0 leather armour
rPois    .         Reflect  .   (no helmet)
rElec    .         Harm     .   (no cloak)
rCorr    .         Rampage  .   (no gloves)
Will     .....                  (no boots)
Stlth    +++.......             (no amulet)
HPRegen  0.06/turn              (no ring)
MPRegen  0.07/turn              (no ring)

@: no status effects
A: change form in water, swift swim, stealthy swim
a: no special abilities


You were on level 5 of the Dungeon.
You visited 1 branch of the dungeon, and saw 1 of its levels.

You collected 17 gold pieces.


   Skills:
 - Level 3.2 Fighting
 + Level 3.5 Polearms
 - Level 2.6 Dodging
 - Level 5.4 Stealth


You couldn't memorise any spells.
You didn't know any spells.
Your spell library was empty.

Inventory:

Hand Weapons
 a - a +0 spear (weapon)
Armour
 b - a +0 leather armour (worn)
Wands
 g - a wand of digging (3)
Scrolls
 c - a scroll of fog
 d - a scroll of magic mapping
 e - a scroll of fear
Potions
 f - a potion of haste {@q3@q3}
 h - a potion of degeneration {unknown}

Dungeon Overview and Level Annotations

Branches:
Dungeon (5/15)
 Temple: D:4-7

Altars:

.................#
......$#...##.##.#
.......#.#.##....###
#.....o#o#..........
#.oo...#.###.#.######.#
#..o.oZ#.# #...........
#......#.# ####.#####.
########.######.##
#oo.@.....# ########..#
#..## #...# #.#.##
#.#..# #.##.##.#
#####.##..#.#
#.........#.#


You could see an orc wizard (fast) and an orc.


Message History

Unknown command.
HP restored.
Found a fuming grey potion.
Found 17 gold pieces.
h - a fuming grey potion You now have 17 gold pieces. 2 orcs, an orc priest, 2 orc wizards and a zombie come into view.
The orc wizard shouts!
The orc priest shouts!
The orc shouts!
The orc wizard shouts!
Found 4 gold pieces.
Unknown command.
The orc wizard gestures at you while chanting.
The magic dart hits you.
The orc wizard casts a spell.
The orc wizard blinks!
You hit the orc wizard.
The orc wizard is lightly wounded.
The orc wizard mumbles some strange words.
The orc wizard seems to speed up.
The orc wizard mumbles some strange words.
The orc wizard blinks!
The orc wizard hits you but does no damage.
The orc priest mumbles some strange prayers to Beogh against you.
Beogh smites you!
Ouch! That really hurt!
* * * LOW HITPOINT WARNING * * *
The orc wizard points at you and mumbles some strange words.
The magic dart hits you!
Ouch! That really hurt!
You die...

Action                   || total
-------------------------++-------
Melee: Spear             ||     8
 Stab: Sleeping          ||     1
Armor: Leather armour    ||     2
Dodge: Dodged            ||     3

Levels and vault maps discovered:
D:5:      layout_basic, kennysheep_mini_moat, okawaru_trees_1,
          general_overflow_altar

Notes
Turn   | Place    | Note
-------+----------+-------------------------------------------
     0 | D:5      | Dracia the Merfolk Delver began the quest for the Orb.
     0 | D:5      | Reached XP level 1. HP: 18/18 MP: 1/1
    66 | D:5      | Noticed an orc wizard
    66 | D:5      | Noticed an orc wizard
    66 | D:5      | Noticed an orc priest
    78 | D:5      | Killed from afar by an orc wizard

Vanquished Creatures
  An adder skeleton (D:5)
1 creature vanquished.

Table legend: (Time is in decaauts)
 A = Elapsed time spent in this place.
 B = Non-inter-level travel time spent in this place.
 C = Inter-level travel time spent in this place.
 D = Time resting spent in this place.
 E = Time spent auto-exploring this place.
 F = Levels seen in this place.
 G = Mean time per level.
                   A        B        C        D        E       F      G
               +--------+--------+--------+--------+--------+-----+--------+
         Total |     77 |     77 |      0 |      0 |     52 |   1 |   77.0 |
       Dungeon |     77 |     77 |      0 |      0 |     52 |   1 |   77.0 |
               +--------+--------+--------+--------+--------+-----+--------+

Top non-repeatable levels by time:
     D:5: 77 daAuts

Table legend:
 A = Non-vault XP
 B = Vault XP
 C = Vault XP percentage of total XP
 D = Non-vault monster count
 E = Vault monster count
 F = Vault count percentage of total count
                 A         B        C        D         E       F
            +---------+---------+-------+---------+---------+-------
      Total |       5 |       0 |   0.0 |       1 |       0 |   0.0
            +---------+---------+-------+---------+---------+-------
        D:5 |       5 |       0 |   0.0 |       1 |       0 |   0.0
            +---------+---------+-------+---------+---------+-------
